Match 45882971
Unlisted

Match 45882971
End
Vickers Machine Gun Team
Royal Engineer Section
Vickers Machine Gun Team
Selects Air and Sea Battlegroup
Construct Field Infirmary
Construct Section Command Post
Infantry Section
Infantry Section
Selects Supply Surplus
Selects UNKNOWN (223837)
Construct Platoon Command Post
Unlock M3 Stuart Light Tanks
M3 Stuart Light Tank
M3 Stuart Light Tank
M3 Stuart Light Tank
Selects Commando Section Paradrop
Selects M1 Pack Howitzer Paradrop
M1 Pack Howitzer Paradrop
Commando Section Paradrop
M1 Pack Howitzer Paradrop
Infantry Section
M1 Pack Howitzer Paradrop
SERGENTTBONE
Porto168
Maik152rus
MAVNE
Sad Pepe
gio_misro
0
0

Comments sign in to comment!

No comments posted yet!